 Dungeon Crawl Stone Soup version 0.30-a0-122-g2a1322497e (webtiles) character file.

Game seed: 13973681404844741708

2973 Querens the Thaumaturge (level 9, 0/45 HPs)
             Began as a Deep Elf Conjurer on Sept 15, 2022.
             Was a Follower of Vehumet.
             Slain by a centaur
             ... wielding a +0 halberd
              (10 damage)
             ... in a bailey.
             The game lasted 00:30:57 (5264 turns).

Querens the Thaumaturge (Deep Elf Conjurer)         Turns: 5264, Time: 00:30:58

Health: 0/45       AC:  4    Str:  4    XL:     9   Next: 53%
Magic:  1/25       EV: 27    Int: 28    God:    Vehumet [*.....]
Gold:   377        SH:  0    Dex: 13    Spells: 17/29 levels left

rFire   . . .      SeeInvis .    u - +4 spear
rCold   . . .      Faith    .    (no shield)
rNeg    . . .      Spirit   .    a - +0 robe
rPois   .          Reflect  .    l - +0 helmet
rElec   .          Harm     .    (no cloak)
rCorr   .          Rampage  .    e - +0 pair of gloves
Will    .....                    (no boots)
Stlth   ++........               C - amulet of the acrobat
HPRegen 0.15/turn                s - ring of wizardry
MPRegen 0.19/turn                E - +4 ring of slaying

@: acrobatic
A: no striking features
a: Renounce Religion


You were in a bailey.
You worshipped Vehumet.
Vehumet was aware of your devotion.
You visited 1 branch of the dungeon, and saw 7 of its levels.
You also visited: Bailey.

You collected 432 gold pieces.
You spent 55 gold pieces at shops.

Inventory:

Hand Weapons
 u - a +4 spear (weapon)
 K - the +5 dagger of Objectivity {vorpal, rF- Will+ rCorr Int+2}
   (You found it on level 7 of the Dungeon)

   It inflicts extra damage upon your enemies.
   Int:       It affects your intelligence (+2).
   rF:        It makes you vulnerable to fire.
   rCorr:     It protects you from acid and corrosion.
   Will:      It increases your willpower.
Missiles
 j - 3 silver javelins
 J - a curare-tipped dart
Armour
 a - a +0 robe (worn)
 e - a +0 pair of gloves (worn)
 l - a +0 helmet (worn)
Jewellery
 s - a ring of wizardry (left hand)
 C - an amulet of the acrobat (around neck)
 E - a +4 ring of slaying (right hand)
Wands
 D - a wand of flame (9)
Scrolls
 b - 2 scrolls of enchant weapon {unknown}
 c - 2 scrolls of fear {unknown}
 f - 4 scrolls of teleportation
 g - a scroll of fog {unknown}
 h - a scroll of blinking {unknown}
 k - a scroll of noise {unknown}
 m - 3 scrolls of identify
 p - 2 scrolls of amnesia {unknown}
 v - 2 scrolls of enchant armour
 y - a scroll of poison {unknown}
 B - a scroll of immolation {unknown}
 F - 2 scrolls of summoning {unknown}
 I - a scroll of torment {unknown}
Potions
 d - 2 potions of flight
 i - a potion of lignification {unknown}
 n - a potion of attraction {unknown}
 o - 2 potions of berserk rage
 q - a potion of resistance {unknown}
 r - a potion of cancellation {unknown}
 t - 4 potions of curing
 w - a potion of brilliance {unknown}
 x - a potion of might {unknown}
 z - a potion of magic
 A - a potion of heal wounds {unknown}
 G - a potion of ambrosia {unknown}


   Skills:
 - Level 2.4 Dodging
 - Level 2.4 Stealth
 + Level 10.6 Spellcasting
 + Level 9.7 Conjurations
 + Level 7.9 Translocations


You had 17 spell levels left.
You knew the following spells:

 Your Spells              Type           Power      Damage    Failure   Level
a - Magic Dart            Conj           100%       1d8       1%          1
b - Searing Ray           Conj           100%       2d8       1%          2
c - Apportation           Tloc           100%       N/A       1%          1
d - Iskenderun's Mystic   Conj/Tloc      59%        2d12      1%          4
e - Fulminant Prism       Conj/Hex       21%        3d13      1%          4

Your spell library contained the following spells:

 Spells                   Type           Power      Damage    Failure   Level
 Sandblast                Erth           28%        2d8       1%          1
 Beastly Appendage        Tmut           28%        N/A       1%          1
 Dazzling Flash           Conj/Hex       84%        N/A       1%          3
 Cigotuvi's Dreadful Rot  Necr/Pois/Air  28%        N/A       2%          2
 Poisonous Vapours        Pois/Air       28%        N/A       2%          2
 Sublimation of Blood     Necr           14%        N/A       2%          2
 Wereblood                Tmut           14%        N/A       2%          2
 Spider Form              Tmut/Pois      14%        N/A       4%          3
 Olgreb's Toxic Radiance  Pois           14%        N/A       16%         4
 Petrify                  Tmut/Erth      14%        N/A       16%         4
 Alistair's Intoxication  Tmut/Pois      9%         N/A       38%         5
 Metabolic Englaciation   Hex/Ice        7%         N/A       38%         5
 Statue Form              Tmut/Erth      9%         N/A       90%         6
 Ozocubu's Refrigeration  Ice            7%         4d9       100%        7
 Summon Hydra             Summ           7%         N/A       100%        7
 Ignition                 Fire           7%         3d4       100%        8


Dungeon Overview and Level Annotations

Branches:
Dungeon (7/15)             Bailey (1/1)
 Temple: D:4-7

Altars:
Cheibriados
Elyvilon
Kikubaaqudgha
Vehumet

Shops:
D:2 :!=(?

Annotations:
D:5 1 runed translucent door, Smoky173's ghost, amateur HOFi


Message History

The centaur hits you with a +0 halberd! The centaur barely misses you.
The searing ray hits the centaur.
The centaur is heavily wounded.
The centaur barely misses you. The centaur completely misses you.
The searing ray hits the centaur!
The centaur is almost dead.
The centaur misses you. The centaur completely misses you. x3
The searing ray hits the centaur!
You kill the centaur!
Vehumet accepts your kill.
You feel your power returning.
You finish channelling your searing ray.
There is a fountain of clear blue water here.
Things that are here:
a +0 halberd; 2 javelins; a +0 scale mail A centaur comes into view.
It is wielding a +0 halberd.
You hit the centaur but do no damage. The centaur closely misses you.
The centaur kicks you but does no damage.
The centaur hits you with a +0 halberd. The centaur kicks you.
Casting: Searing Ray (safe; 1% risk of failure)
Confirm with . or Enter, or press ? or * to list all spells.
Aiming: Searing Ray (safe; 1% risk of failure)
Press: ? - help, Shift-Dir - straight line, f - centaur
Aim: a centaur, wielding a +0 halberd, wearing a +0 scale mail and quivering javelins (92% to hit)
The searing ray misses the centaur. (Press . to maintain the ray.)
The centaur hits you with a +0 halberd! The centaur kicks you.
* * * LOW HITPOINT WARNING * * *
The searing ray hits the centaur.
The centaur is lightly wounded.
The centaur closely misses you. The centaur completely misses you. x3
The searing ray hits the centaur.
The centaur is moderately wounded.
The centaur misses you. The centaur kicks you.
* * * LOW HITPOINT WARNING * * *
The searing ray hits the centaur!
The centaur is almost dead.
You finish channelling your searing ray.
The centaur completely misses you. x2; The centaur hits you with a +0 halberd!
You die...

.≈≈≈........
.≈.............≈.≈≈≈≈#
≈≈.⌠.........⌠.≈≈.≈≈≈#
≈...............≈.≈≈≈#
≈.)..≈≈≈≈≈≈≈....≈≈.≈≈#
)..≈≈≈~~~~~≈≈≈...≈.≈≈#
..≈≈≈~≈≈≈≈≈~~≈≈..≈.≈≈#
..≈≈≈~~)?)≈≈≈~~..c.≈≈#
).≈≈≈~≈≈≈≈≈~~≈≈.@≈.≈≈#
...≈≈≈~~)~~≈≈≈...≈.≈≈#
≈....≈≈≈≈≈≈≈....≈≈.≈≈#
≈...............≈.≈≈≈#
≈≈.⌠.........).≈≈.≈≈≈#
.≈.............≈.≈≈≈≈#
.≈≈≈.........≈≈≈.≈≈≈≈#
≈..≈≈≈.....≈≈≈..≈≈≈≈≈#
≈≈≈..≈≈≈≈≈≈≈..≈≈≈≈≈≈≈#


You could see a centaur.

Vanquished Creatures
  Edmund (D:6)
  2 ice beasts
  7 orc warriors (Bailey)
  2 sky beasts (D:7)
  An ogre (D:5)
  2 phantoms (D:5)
  6 centaurs (Bailey)
  A kobold brigand (D:7)
  A bullfrog (D:7)
  A necrophage (D:4)
  3 scorpions
  2 howler monkeys
  2 hounds (D:5)
  An orc priest (D:7)
  A jelly (D:5)
  4 orc wizards
  8 adders
  4 gnolls (D:2)
  A worm (D:2)
  2 dart slugs
  43 orcs
  5 endoplasms
  2 giant cockroaches (D:3)
  6 goblins
  9 hobgoblins
  4 jackals (D:2)
  20 kobolds
  7 quokkas
  9 ball pythons
  2 bats
  6 frilled lizards
  5 rats
170 creatures vanquished.

Vanquished Creatures (collateral kills)
  2 orc warriors (Bailey)
2 creatures vanquished.

Vanquished Creatures (others)
  2 orc warriors (Bailey)
  8 fulminant prisms (Bailey)
  9 fungi
  3 plants (D:1)
22 creatures vanquished.

Grand Total: 194 creatures vanquished

Notes
Turn   | Place    | Note
-------+----------+-------------------------------------------
     0 | D:1      | Querens the Deep Elf Conjurer began the quest for the Orb.
     0 | D:1      | Reached XP level 1. HP: 10/10 MP: 6/6
    47 | D:1      | Reached XP level 2. HP: 9/15 MP: 1/8
    52 | D:1      | Learned a level 2 spell: Searing Ray
    92 | D:1      | Found a faded altar of an unknown god.
   380 | D:1      | You fall into a shaft and drop 1 floor!
   392 | D:2      | Found Paoss's Distillery.
   412 | D:2      | Found Gachad's Book Boutique.
   569 | D:1      | Reached skill level 4 in Spellcasting
   617 | D:1      | Reached skill level 5 in Conjurations
   621 | D:1      | Reached XP level 3. HP: 19/19 MP: 4/10
   888 | D:2      | Found Xiudolok's Jewellery Boutique.
   930 | D:2      | Learned a level 1 spell: Apportation
   967 | D:2      | Found Paqea's Magic Scroll Shoppe.
   973 | D:2      | Bought a scroll of identify for 22 gold pieces
   973 | D:2      | Bought a scroll of teleportation for 33 gold pieces
  1119 | D:2      | Found Weuraed's Antique Weapon Shoppe.
  1302 | D:2      | Reached XP level 4. HP: 24/24 MP: 7/12
  1324 | D:2      | Learned a level 4 spell: Iskenderun's Mystic Blast
  1329 | D:2      | Learned a level 4 spell: Fulminant Prism
  1432 | D:2      | Reached skill level 5 in Spellcasting
  1432 | D:2      | Reached skill level 1 in Translocations
  1706 | D:3      | Found a snail-covered altar of Cheibriados.
  1733 | D:3      | Reached XP level 5. HP: 27/28 MP: 9/14
  2406 | D:4      | Found an ancient bone altar of Kikubaaqudgha.
  2694 | D:4      | Reached XP level 6. HP: 32/32 MP: 11/16
  2778 | D:5      | Entered Level 5 of the Dungeon
  2796 | D:5      | Found a runed translucent door.
  2801 | D:5      | Noticed Smoky173's ghost (amateur HOFi)
  2870 | D:5      | Noticed an ice beast
  2917 | D:5      | Reached skill level 6 in Spellcasting
  3038 | D:5      | Reached XP level 7. HP: 36/36 MP: 0/19
  3126 | D:5      | Reached skill level 7 in Spellcasting
  3207 | D:5      | Found a white marble altar of Elyvilon.
  3979 | D:6      | Reached skill level 5 in Translocations
  3979 | D:6      | Reached XP level 8. HP: 41/41 MP: 11/21
  4044 | D:6      | Noticed Edmund
  4193 | D:6      | Killed Edmund
  4194 | D:6      | Reached skill level 8 in Spellcasting
  4294 | D:7      | Found a radiant altar of Vehumet.
  4302 | D:7      | Became a worshipper of Vehumet
  4564 | D:7      | Identified the +5 dagger of Objectivity {vorpal, rF- Will+
                  | rCorr Int+2}
  4580 | D:7      | Found a flagged portal.
  4582 | D:7      | Reached skill level 9 in Spellcasting
  4590 | Bailey   | Entered a bailey
  4653 | Bailey   | Reached * piety under Vehumet
  4653 | Bailey   | Offered knowledge of Sandblast by Vehumet.
  4946 | Bailey   | Reached XP level 9. HP: 45/45 MP: 19/24
  5028 | Bailey   | Reached skill level 10 in Spellcasting
  5264 | Bailey   | Slain by a centaur

Illustrated notes

Levels and vault maps discovered:
D:1:      minmay_arrival_wavy_path, layout_loops_ring,
          hellmonk_ecumenical_altar_leap_of_faith, serial_rivers,
          chequers_serial_rivers_micro_d, chequers_serial_rivers_room_a,
          chequers_serial_rivers_room_b, chequers_serial_rivers_large_a,
          chequers_serial_rivers_micro_b, lexackson_kobold_supper
D:2:      layout_loops_corners, serial_shops, shop, nicolae_shop_crystal,
          nicolae_shop_trees, nicolae_diamond_shop, shop
D:3:      layout_loops_corners, mainiacjoe_overflow_chevrons
D:4:      layout_loops_cross, mainiacjoe_overflow_tiny_flanked
D:5:      layout_basic, old_standard_altar, ebering_ghost_reflecting_pool
D:6:      layout_loops_ring, grunt_decor_resistance, grunt_ministairs_9,
          uniq_edmund
D:7:      layout_loops_ring, vehumet_crystals, minmay_temple_entry_mini_moons,
          enter_bailey_4
Bailey:   bailey_polearm_flooded_kennysheep, bailey

Skill      XL: |  1  2  3  4  5  6  7  8  9 |
---------------+----------------------------+-----
Spellcasting   | 4 5 6 7 9 10 | 10.6
Conjurations   | 5 6 7 9 |  9.7
Translocations | 1 2 3 5 6 7 |  7.9
Dodging        | |  2.4
Stealth        | |  2.4

Action                   |  1- 3 |  4- 6 |  7- 9 || total
-------------------------+-------+-------+-------++-------
Melee: Unarmed           |     3 |       |       ||     3
       Dagger            |     1 |     7 |       ||     8
       Spear             |       |    50 |    41 ||    91
 Cast: Magic Dart        |    57 |    19 |    38 ||   114
       Searing Ray       |     6 |    18 |    31 ||    55
       Iskenderun's Myst |       |     5 |    19 ||    24
       Fulminant Prism   |       |       |     8 ||     8
       Apportation       |       |       |     1 ||     1
Evoke: Wand              |       |       |    26 ||    26
  Use: Potion            |     1 |       |       ||     1
       Scroll            |       |       |     3 ||     3
 Stab: Sleeping          |     1 |       |     1 ||     2
       Distracted        |       |     1 |       ||     1
Armor: Robe              |     6 |    10 |     8 ||    24
Dodge: Dodged            |    14 |    49 |    82 ||   145

Table legend: (Time is in decaauts)
 A = Elapsed time spent in this place.
 B = Non-inter-level travel time spent in this place.
 C = Inter-level travel time spent in this place.
 D = Time resting spent in this place.
 E = Time spent auto-exploring this place.
 F = Levels seen in this place.
 G = Mean time per level.
                   A        B        C        D        E       F      G
               +--------+--------+--------+--------+--------+-----+--------+
         Total |   5278 |   4748 |    530 |     89 |      0 |   8 |  659.8 |
       Dungeon |   4603 |   4073 |    530 |     87 |      0 |   7 |  657.6 |
        Bailey |    674 |    674 |      0 |      2 |      0 |   1 |  674.0 |
               +--------+--------+--------+--------+--------+-----+--------+

Top non-repeatable levels by time:
     D:2: 853 daAuts
     D:6: 790 daAuts
     D:3: 768 daAuts
     D:5: 691 daAuts
     D:1: 679 daAuts
  Bailey: 674 daAuts
     D:4: 488 daAuts
     D:7: 333 daAuts
